AoeStats
← Traiano86

Black Forest

507576218Analyzed
3v3 RM · 13d ago on Sep 18, 2026· 55m 46s· 6 players
Game mode
Random Map
Map size
Normal (6 player)
Population
200
Speed
Normal
Resources
Standard
Victory
Conquest
Starting age
Dark Age
Ending age
Imperial Age
RankedLock teamsTeams togetherTeam positionsShared explorationLock speedFull tech treeHidden civsTurbo modeCheats
Victory
Defeat
🇮🇹 Bulgarians · Italy
904
+10
🇮🇹 Franks · Italy
717
+17
🇮🇹 Romans · Italy
715
+17
🇺🇦 Franks · Ukraine
777
-16
🇺🇦 Bohemians · Ukraine
766
-15
🇲🇽 Maya · Mexico
703
-13
Жиробель
1:42 Loom
11:59 Feudal Age
19:55 Castle Age
18:17 Double-Bit Axe
18:15 Horse Collar
19:52 Wheelbarrow
19:09 Town Watch
22:28 Bow Saw
22:20 Heavy Plow
26:19 Chemistry
25:41 Ballistics
25:32 Fortified Wall
25:33 Masonry
26:25 Padded Archer Armor
33:25 Imperial Age
32:48 Hand Cart
32:33 Town Patrol
35:24 Elite Hussite Wagon
36:11 Wagenburg Tactics
39:00 Two-Man Saw
40:49 Conscription
40:02 Houfnice
Peyotl
0:28 Loom
17:42 Feudal Age
19:44 Wheelbarrow
18:52 Horse Collar
19:30 Gold Mining
19:29 Double-Bit Axe
19:37 Stone Mining
19:49 Arson
ROCKET
15:17 Feudal Age
22:42 Wheelbarrow
36:00 Castle Age
IlSindaco
15:25 Feudal Age
24:16 Castle Age
32:11 Wheelbarrow
31:26 Double-Bit Axe
31:35 Gold Mining
31:36 Stone Mining
32:56 Bow Saw
32:52 Caravan
35:15 Pikeman
35:56 Squires
36:07 Husbandry
36:37 Hand Cart
40:28 Imperial Age
40:44 Forging
40:24 Fletching
40:39 Scale Barding Armor
40:36 Scale Mail Armor
43:56 Chemistry
42:41 Arrowslits
43:16 Ballistics
43:08 Fortified Wall
42:54 Murder Holes
43:10 Masonry
43:25 Cavalier
47:03 Halberdier
48:31 Paladin
49:53 Iron Casting
49:13 Bodkin Arrow
49:39 Chain Barding Armor
49:34 Chain Mail Armor
49:20 Padded Archer Armor
51:00 Elite Throwing Axeman
52:15 Hoardings
Traiano86
16:39 Feudal Age
24:31 Castle Age
26:30 Double-Bit Axe
27:23 Wheelbarrow
26:41 Gold Mining
29:52 Gold Shaft Mining
29:33 Man-at-Arms
30:16 Squires
29:36 Pikeman
30:17 Long Swordsman
32:53 Bow Saw
36:23 Imperial Age
35:18 Caravan
36:49 Forging
36:40 Scale Mail Armor
36:47 Scale Barding Armor
36:33 Fletching
37:54 Hand Cart
37:33 Stone Mining
39:40 Legionary
47:10 Conscription
47:08 Elite Skirmisher
48:22 Chain Mail Armor
48:44 Iron Casting
LeadSlug
2:38 Loom
13:09 Feudal Age
14:28 Arson
23:54 Horse Collar
24:01 Double-Bit Axe
24:58 Forging
24:49 Scale Mail Armor
29:51 Castle Age
31:27 Iron Casting
31:07 Chain Mail Armor
31:04 Heavy Plow
40:17 Imperial Age
39:04 Wheelbarrow
38:15 Town Watch
41:46 Squires
41:34 Gambesons
41:31 Onager
42:27 Caravan
43:45 Bow Saw
43:55 Hand Cart
43:45 Siege Onager
45:05 Scale Barding Armor
46:01 Blast Furnace
46:08 Husbandry
46:19 Bloodlines
47:31 Elite Konnik
49:01 Chain Barding Armor
51:26 Conscription
51:08 Bagains
51:06 Stirrups
52:37 Gold Mining
52:59 Masonry
52:50 Capped Ram
Connection lost

Rejoining the realm…

Still unreachable

The connection could not be restored.

Session expired

The server has moved on; the page needs a fresh start.